 Dungeon Crawl Stone Soup version 0.31-a0-102-g33a4ccc0cb (webtiles) character file.

Game seed: 16258973550224839761

198 PriceMaster the Insei (level 5, -7/33 HPs)
             Began as an Octopode Transmuter on May 26, 2023.
             Was an Initiate of Yredelemnul.
             Mangled by a troll (10 damage)
             ... on level 5 of the Dungeon.
             The game lasted 00:07:58 (4638 turns).

PriceMaster the Insei (Octopode Transmuter)         Turns: 4638, Time: 00:07:58

Health: -7/33      AC:  8    Str: 10    XL:     5   Next: 77%
Magic:  10/10      EV: 14    Int: 15    God:    Yredelemnul [......]
Gold:   204        SH:  0    Dex: 23    Spells: 8/11 levels left

rFire   + . .        t - +1 hand axe of Imbalance {protect, *Slow rElec Dex+7}
rCold   x . .        (no shield)
rNeg    + . .        (helmet restricted)
rPois   .            (no amulet)
rElec   +            b - ring of positive energy
rCorr   .            e - ring of flight
SInv    .            l - ring of fire
Will    .....        (no ring)
Stlth   +++          (no ring)
HPRegen 0.25/turn    (no ring)
MPRegen 0.12/turn    (no ring)
                     (no ring)

%: slow self (1%)
@: wereblooded, under a protective aura, flying
A: almost no armour, amphibious, 8 rings, camouflage 1, gelatinous body 1,
(nimble swimmer 1), tentacles, agile 1, wild magic 1
a: Renounce Religion, Recall Undead Harvest


You were on level 5 of the Dungeon.
You worshipped Yredelemnul.
Yredelemnul was noncommittal.
You visited 1 branch of the dungeon, and saw 5 of its levels.

You collected 204 gold pieces.

Inventory:

Hand Weapons
 t - the +1 hand axe of Imbalance (weapon) {protect, *Slow rElec Dex+7}
   (You found it on level 4 of the Dungeon)

   Dex:       It affects your dexterity (+7).
   rElec:     It insulates you from electricity.
   *Slow:     It may slow you when you take damage.
Missiles
 a - 2 throwing nets
Magical Staves
 f - a staff of cold
Jewellery
 b - a ring of positive energy (left tentacle)
 d - a +5 ring of evasion
 e - a ring of flight (right tentacle)
 l - a ring of fire (on tentacle)
 q - a +6 ring of intelligence
Wands
 i - a wand of polymorph (5)
Scrolls
 g - 4 scrolls of poison {unknown}
 h - 5 scrolls of teleportation
 k - a scroll of amnesia {unknown}
 n - 2 scrolls of fog {unknown}
 o - 2 scrolls of blinking {unknown}
 r - a scroll of torment {unknown}
 v - a scroll of identify
 w - a scroll of enchant armour {unknown}
Potions
 m - a potion of ambrosia
 p - a potion of berserk rage {unknown}
 s - a potion of resistance {unknown}
 u - a potion of might {unknown}


   Skills:
 + Level 1.2 Fighting
 + Level 0.1 Axes
 + Level 1.1 Staves
 + Level 2.1 Dodging
 + Level 1.3 Stealth
 + Level 3.8 Unarmed Combat
 + Level 3.7 Spellcasting
 + Level 3.1 Transmutations
 + Level 0.1 Evocations


You had 8 spell levels left.
You knew the following spells:

 Your Spells              Type           Power      Damage    Failure   Level
a - Beastly Appendage     Tmut           30%        N/A       9%          1
b - Wereblood             Tmut           15%        N/A       12%         2

Your spell library contained the following spells:

 Spells                   Type           Power      Damage    Failure   Level
 Scorch                   Fire           10%        2d5       36%         2
 Spider Form              Tmut/Pois      7%         N/A       43%         3
 Call Canine Familiar     Summ           3%         N/A       58%         3
 Portal Projectile        Hex/Tloc       2%         N/A       65%         3
 Ice Form                 Ice/Tmut       7%         N/A       82%         4
 Flame Wave               Conj/Fire      2%         2d4       95%         4
 Leda's Liquefaction      Hex/Erth       0%         N/A       95%         4
 Summon Cactus Giant      Summ           1%         N/A       100%        6


Dungeon Overview and Level Annotations

Branches:
Dungeon (5/15)
 Temple: D:4-7

Altars:
Yredelemnul

Shops:
D:4 :=?


Innate Abilities, Weirdness & Mutations

You cannot wear most types of armour.
You are amphibious.
You can wear up to eight rings at the same time.
Your skin changes colour to match your surroundings (Stealth+).
Your rubbery body absorbs attacks. (AC +1, EV +1)
((You are camouflaged when in or above water. (Stealth+)))
You have tentacles for arms and can constrict up to eight enemies at once.
You are agile. (Dex +4, Str/Int -1)
Your spells are a little harder to cast, but a little more powerful.


Message History

Your blood is infused with primal strength.
Your transformation is almost over.
It was a potion of ambrosia.
You are confused.
You feel invigorated.
Found a book of Changes.
A worm comes into view.
You feel less invigorated.
You feel less confused.
The troll shouts!
You hear a shout!
The troll closely misses you. The troll completely misses you.
The troll claws you but does no damage. The worm bites you!
You hit the troll but do no damage.
Your weapon exudes an aura of protection.
Your tentacle spike misses the troll.
You hit the worm.
Your tentacle spike disappears.
The troll barely misses you. x2; The troll claws you.
An ogre comes into view. It is wielding a +0 giant spiked club.
The worm bites you! The troll misses you. The troll closely misses you.
The troll claws you.
The ogre moves out of view.
You hit the troll.
The troll is lightly wounded.
You barely miss the worm. The troll bites you!
* * * LOW HITPOINT WARNING * * *
The troll claws you.
* * * LOW HITPOINT WARNING * * *
The troll closely misses you.
You feel better. The worm bites you.
* * * LOW HITPOINT WARNING * * *
The troll closely misses you. The troll completely misses you.
The troll closely misses you.
You feel better. The troll misses you. The troll claws you.
* * * LOW HITPOINT WARNING * * *
The troll claws you but does no damage. The worm bites you.
* * * LOW HITPOINT WARNING * * *
You hit the troll. You squeeze the troll!
The troll is heavily wounded.
You barely miss the worm. The troll bites you!
You die...
Your body rises from the dead as a mindless zombie.

..................
.............##.##.#< .
...........#......... ..
.....#.....#.##..###.
.......##.......##..#...
.... .........####..#.#.
..... #....## #..#.#.
......##....# #..#.#.
#.:Ow@....######..#.#.
#....T.............#.#.
#.#.......#.######.##...
+.........# #......
#.......########..####
+########.........# ##
#.........# #.
#.........###.
#.............


You could see a troll, an ogre and a worm.

Vanquished Creatures
  A jelly (D:5)
  7 gnolls
  4 adders
  4 worms
  2 dart slugs
  2 orcs (D:4)
  3 ball pythons
  An endoplasm (D:2)
  4 giant cockroaches
  3 goblins
  4 hobgoblins
  7 kobolds
  A quokka (D:2)
  4 bats
  2 frilled lizards (D:1)
  3 rats
52 creatures vanquished.

Vanquished Creatures (collateral kills)
  A goblin (D:4)
  A quokka (D:3)
2 creatures vanquished.

Vanquished Creatures (others)
  A gnoll zombie (D:4)
  A dart slug zombie (D:3)
  A giant cockroach zombie (D:4)
  2 goblin zombies (D:4)
  2 hobgoblin zombies
  An orc zombie (D:4)
8 creatures vanquished.

Grand Total: 62 creatures vanquished

Notes
Turn   | Place    | Note
-------+----------+-------------------------------------------
     0 | D:1      | PriceMaster the Octopode Transmuter began the quest for the
                  | Orb.
     0 | D:1      | Reached XP level 1. HP: 13/13 MP: 3/3
   144 | D:1      | Reached XP level 2. HP: 5/18 MP: 3/5
   341 | D:1      | Learned a level 2 spell: Wereblood
   516 | D:1      | Reached XP level 3. HP: 23/23 MP: 2/6
  1089 | D:2      | Found a faded altar of an unknown god.
  1495 | D:2      | Reached skill level 1 in Staves
  1495 | D:2      | Reached XP level 4. HP: 27/28 MP: 3/7
  2092 | D:3      | Found a basalt altar of Yredelemnul.
  2096 | D:3      | Became a worshipper of Yredelemnul the Dark
  2303 | D:3      | Reached skill level 1 in Stealth
  2739 | D:3      | Reached * piety under Yredelemnul
  3101 | D:4      | Found Ycoysora's Jewellery Boutique.
  3103 | D:4      | Found Juinnul's Book Shoppe.
  3107 | D:4      | Found Puachizo's Magic Scroll Shoppe.
  3155 | D:4      | Reached XP level 5. HP: 21/33 MP: 6/9
  3457 | D:4      | Identified the +1 hand axe of Imbalance {protect, *Slow
                  | rElec Dex+7}
  4256 | D:4      | Gained mutation: You are agile. (Dex +4, Str/Int -1)
                  | [potion of mutation]
  4256 | D:4      | Gained mutation: You sometimes lose your temper in combat.
                  | [potion of mutation]
  4256 | D:4      | Lost mutation: You sometimes lose your temper in combat.
                  | [potion of mutation]
  4256 | D:4      | Gained mutation: Your spells are a little harder to cast,
                  | but a little more powerful. [potion of mutation]
  4366 | D:5      | Entered Level 5 of the Dungeon
  4623 | D:5      | Noticed a troll
  4634 | D:5      | Noticed an ogre
  4635 | D:5      | HP: 1/33 [troll (3)]
  4638 | D:5      | Mangled by a troll

Illustrated notes

Levels and vault maps discovered:
D:1:      ebering_trefoil_twist, layout_loops_ring
D:2:      layout_loops_ring, chequers_ecumenical_altar_simple_redux,
          hangedman_decor_opposing
D:3:      layout_rooms, yredelemnul_altar_generic
D:4:      layout_basic, nicolae_wooded_promenade
D:5:      layout_basic, minmay_temple_entry_large_hall, hex_intersection,
          uniq_blork_the_orc

Skill      XL: |  1  2  3  4  5 |
---------------+----------------+-----
Staves         | 1 |  1.1
Spellcasting   | 3 |  3.7
Stealth        | 1 |  1.3
Transmutations | 3 |  3.1
Fighting       | |  1.2
Axes           | |  0.1
Dodging        | |  2.1
Unarmed Combat | |  3.8
Evocations     | |  0.1

Action                     |  1- 3 |  4- 6 || total
---------------------------+-------+-------++-------
  Melee: Unarmed           |    26 |       ||    26
         Kick              |    13 |    20 ||    33
         Constrict         |    16 |    20 ||    36
         Tentacles         |     8 |     9 ||    17
         Staff             |    23 |    41 ||    64
         Punch             |     1 |     4 ||     5
         Hand axe          |       |    22 ||    22
   Cast: Beastly Appendage |    23 |    23 ||    46
         Wereblood         |    14 |    22 ||    36
 Invoke: Recall Undead Har |       |     3 ||     3
  Evoke: Wand              |       |     3 ||     3
    Use: Potion            |     1 |     7 ||     8
         Scroll            |       |     3 ||     3
   Stab: Sleeping          |     7 |     2 ||     9
 Armour: Skin              |     2 |     5 ||     7
  Dodge: Dodged            |    21 |    54 ||    75

Table legend: (Time is in decaauts)
 A = Elapsed time spent in this place.
 B = Non-inter-level travel time spent in this place.
 C = Inter-level travel time spent in this place.
 D = Time resting spent in this place.
 E = Time spent auto-exploring this place.
 F = Levels seen in this place.
 G = Mean time per level.
                   A        B        C        D        E       F      G
               +--------+--------+--------+--------+--------+-----+--------+
         Total |   4650 |   4540 |    110 |    825 |   3134 |   5 |  930.0 |
       Dungeon |   4650 |   4540 |    110 |    825 |   3134 |   5 |  930.0 |
               +--------+--------+--------+--------+--------+-----+--------+

Top non-repeatable levels by time:
     D:4: 1421 daAuts
     D:2: 1064 daAuts
     D:1: 1029 daAuts
     D:3: 860 daAuts
     D:5: 274 daAuts
